 Dungeon Crawl Stone Soup version 0.31-a0-1-g4198be8af4 (webtiles) character file.

Game seed: 7834086781873718166

383 retardedninja the Firebug (level 6, 0/44 HPs)
             Began as a Gnoll Fire Elementalist on May 2, 2023.
             Killed from afar by an orc wizard (7 damage)
             ... with a magic dart
             ... on level 2 of the Dungeon.
             The game lasted 00:05:50 (4145 turns).

retardedninja the Firebug (Gnoll Fire Elementalist) Turns: 4145, Time: 00:05:51

Health: 0/44       AC:  3    Str:  8    XL:     6   Next: 76%
Magic:  5/14       EV: 13    Int: 16    God:
Gold:   183        SH:  0    Dex: 12    Spells: 12/15 levels left

rFire   . . .        l - +0 scythe
rCold   . . .        (shield currently unavailable)
rNeg    . . .        d - +0 robe
rPois   .            h - +0 helmet
rElec   .            (no cloak)
rCorr   .            (no gloves)
SInv    .            (no boots)
Will    .....        (no amulet)
Stlth   +++          (no ring)
HPRegen 0.27/turn    (no ring)
MPRegen 0.14/turn

%: clarity
@: flying
A: fangs 1, strong nose, distributed training, clarity
a: no special abilities


You were on level 2 of the Dungeon.
You visited 1 branch of the dungeon, and saw 4 of its levels.

You collected 183 gold pieces.

Inventory:

Hand Weapons
 l - a +0 scythe (weapon)
Armour
 d - a +0 robe (worn)
 h - a +0 helmet (worn)
Jewellery
 s - a +6 ring of intelligence
Wands
 j - a wand of flame (13)
 p - a wand of polymorph (5)
Scrolls
 a - a scroll of amnesia {unknown}
 c - 5 scrolls of identify {unknown}
 g - 2 scrolls of noise {unknown}
 i - a scroll of immolation {unknown}
 k - a scroll of fear {unknown}
 n - 2 scrolls of teleportation {unknown}
 q - a scroll of vulnerability {unknown}
Potions
 b - a potion of curing {unknown}
 e - a potion of attraction {unknown}
 f - a potion of flight
 m - a potion of heal wounds {unknown}
 o - a potion of cancellation {unknown}


   Skills:
 + Level 2.2 Fighting
 + Level 2.2 Short Blades
 + Level 2.2 Long Blades
 + Level 2.2 Axes
 + Level 2.2 Maces & Flails
 + Level 2.2 Polearms
 + Level 2.2 Staves
 + Level 2.2 Ranged Weapons
 + Level 2.2 Throwing
 + Level 2.2 Armour
 + Level 5.1 Dodging
 + Level 4.7 Stealth
 + Level 2.2 Shields
 + Level 2.2 Unarmed Combat
 + Level 5.4 Spellcasting
 + Level 2.8 Conjurations
 + Level 1.7 Hexes
 + Level 1.7 Summonings
 + Level 1.7 Necromancy
 + Level 1.7 Translocations
 + Level 1.7 Transmutations
 + Level 5.7 Fire Magic
 + Level 1.7 Ice Magic
 + Level 1.7 Air Magic
 + Level 1.7 Earth Magic
 + Level 1.7 Poison Magic
 + Level 2.4 Invocations
 + Level 2.2 Evocations


You had 12 spell levels left.
You knew the following spells:

 Your Spells              Type           Power      Damage    Failure   Level
a - Foxfire               Conj/Fire      72%        2x1d7     2%          1
b - Scorch                Fire           44%        2d7       1%          2

Your spell library contained the following spells:

 Spells                   Type           Power      Damage    Failure   Level
 Inner Flame              Hex/Fire       16%        N/A       10%         3
 Volatile Blastmotes      Fire/Tloc      32%        2d12      10%         3
 Tukima's Dance           Hex            10%        N/A       22%         3
 Flame Wave               Conj/Fire      18%        2d7       26%         4
 Passage of Golubria      Tloc           10%        N/A       56%         4
 Yara's Violent Unravell  Hex/Tmut       5%         3d4       89%         5


Dungeon Overview and Level Annotations

Branches:
Dungeon (4/15)
 Temple: D:4-7

Altars:

Shops:
D:1 *


Innate Abilities, Weirdness & Mutations

You have very sharp teeth.
Your uncanny sense of smell can sniff out nearby items.
Your experience applies equally to all skills.
You possess an exceptional clarity of mind.


Message History

You occasionally lose the ability to drink potions when taking damage.
The orc wizard barely misses you. The howler monkey closely misses you.
Okay, then.
You're too confused to cast spells.
The orc wizard closely misses you.
The howler monkey hoots and howls with incredible vigour!
Unknown command.
The orc wizard closely misses you.
Really quaff the potion of mutation?
You feel extremely strange.
You feel clever.
You no longer become unable to drink potions after taking damage.
Your thoughts seem clearer.
You feel healthier. The orc wizard closely misses you.
The ogre closely misses you.
Unknown command.
You feel less confused.
The orc wizard attacks as you move away!
The orc wizard hits you with a +0 dagger.
* * * LOW HITPOINT WARNING * * *
The howler monkey is no longer more vulnerable to fire.
The ogre attacks as you move away! The ogre closely misses you.
The orc wizard hits you but does no damage.
The orc wizard attacks as you move away!
The orc wizard hits you with a +0 dagger.
* * * LOW HITPOINT WARNING * * *
The howler monkey hoots and howls with incredible vigour!
The orc wizard attacks as you move away!
The orc wizard closely misses you.
There is a stone staircase leading up here.
The orc wizard completely misses you.
You fly upwards.
There is a stone staircase leading down here.
Casting: Scorch (safe; 1% risk of failure)
Confirm with . or Enter, or press ? or * to list all spells.
Flames lash the orc wizard.
The orc wizard is severely wounded.
The orc wizard's fire resistance burns away.
The orc wizard points at you and mumbles some strange words.
The magic dart hits you!
You die...

#.# ###.##.# #.#
#.# ##...##.###.#
#.###...........#
#......####.#####
######.# #.#
#.####.#######
#........§...# #
#..####o####.# ##
#..# #@# #.# .#
#..# #.# #.# ##
#..# #.# #.# #
#..# #.# #.# #
#..# #.# #.# #
#..####.# #†# #
#.......# #.# #
##†###..# #.#
###### #.# #..#
#.#


You could see an orc wizard (combustible).

Vanquished Creatures
  Sigmund (D:2)
  An iguana (D:3)
  Ijyb (D:3)
  Terence (D:3)
  Robin (D:2)
  4 gnolls (D:2)
  2 adders
  A worm (D:2)
  A dart slug (D:2)
  5 orcs
  4 ball pythons
  8 bats
  4 endoplasms (D:1)
  A giant cockroach (D:3)
  13 goblins
  6 hobgoblins
  6 jackals
  2 quokkas (D:1)
  2 frilled lizards
  9 kobolds
  5 rats
78 creatures vanquished.

Vanquished Creatures (others)
  230 foxfires
230 creatures vanquished.

Grand Total: 308 creatures vanquished

Notes
Turn   | Place    | Note
-------+----------+-------------------------------------------
     0 | D:1      | retardedninja the Gnoll Fire Elementalist began the quest
                  | for the Orb.
     0 | D:1      | Reached XP level 1. HP: 13/13 MP: 6/6
   163 | D:1      | Reached XP level 2. HP: 19/19 MP: 1/7
   616 | D:1      | Found Ufozog's General Store.
   697 | D:1      | Reached skill level 5 in Spellcasting
   697 | D:1      | Reached XP level 3. HP: 25/25 MP: 5/9
  1223 | D:2      | Learned a level 2 spell: Scorch
  1329 | D:2      | Reached skill level 1 in Invocations
  1330 | D:2      | Reached skill level 1 in Fighting
  1330 | D:2      | Reached skill level 1 in Short Blades
  1330 | D:2      | Reached skill level 1 in Long Blades
  1330 | D:2      | Reached skill level 1 in Axes
  1330 | D:2      | Reached skill level 1 in Maces & Flails
  1330 | D:2      | Reached skill level 1 in Polearms
  1330 | D:2      | Reached skill level 1 in Staves
  1330 | D:2      | Reached skill level 1 in Ranged Weapons
  1330 | D:2      | Reached skill level 1 in Throwing
  1330 | D:2      | Reached skill level 1 in Armour
  1330 | D:2      | Reached skill level 1 in Shields
  1330 | D:2      | Reached skill level 1 in Unarmed Combat
  1330 | D:2      | Reached skill level 1 in Evocations
  1333 | D:2      | Reached XP level 4. HP: 12/32 MP: 1/11
  1591 | D:2      | Reached skill level 1 in Hexes
  1591 | D:2      | Reached skill level 1 in Summonings
  1591 | D:2      | Reached skill level 1 in Necromancy
  1591 | D:2      | Reached skill level 1 in Translocations
  1591 | D:2      | Reached skill level 1 in Transmutations
  1591 | D:2      | Reached skill level 1 in Ice Magic
  1591 | D:2      | Reached skill level 1 in Air Magic
  1591 | D:2      | Reached skill level 1 in Earth Magic
  1591 | D:2      | Reached skill level 1 in Poison Magic
  1713 | D:2      | Noticed Robin
  1719 | D:2      | Killed Robin
  1805 | D:2      | Identified the +4 dagger of the Boiling Point {speed,
                  | +Blink rPois rC+}
  2110 | D:2      | Noticed Sigmund
  2118 | D:2      | Killed Sigmund
  2119 | D:2      | Reached skill level 5 in Dodging
  2119 | D:2      | Reached XP level 5. HP: 16/38 MP: 4/12
  2119 | D:2      | Reached XP level 6. HP: 19/44 MP: 4/14
  3251 | D:3      | Noticed Ijyb
  3252 | D:3      | Noticed Terence
  3259 | D:3      | Killed Terence
  3263 | D:3      | Killed Ijyb
  4132 | D:3      | Gained mutation: Your body sometimes deteriorates upon
                  | taking damage. [potion of mutation]
  4132 | D:3      | Gained mutation: You are dopey. (Int -2) [potion of
                  | mutation]
  4132 | D:3      | Gained mutation: You occasionally lose the ability to drink
                  | potions when taking damage. [potion of mutation]
  4135 | D:3      | Lost mutation: You are dopey. (Int -2) [potion of mutation]
  4135 | D:3      | Lost mutation: You occasionally lose the ability to drink
                  | potions when taking damage. [potion of mutation]
  4135 | D:3      | Gained mutation: You possess an exceptional clarity of
                  | mind. [potion of mutation]
  4135 | D:3      | Lost mutation: Your body sometimes deteriorates upon taking
                  | damage. [potion of mutation]
  4145 | D:2      | Killed from afar by an orc wizard

Illustrated notes

Levels and vault maps discovered:
D:1:      sevenhm_arrival_forest_fort_large_1, layout_rooms, serial_shops, shop
D:2:      layout_loops_ring, minmay_tromino_v4_b, uniq_sigmund, uniq_robin
D:3:      layout_loops_cross, uniq_ijyb, uniq_terence
D:4:      layout_cave_pools, beargit_hepliaklqana_dungeon_heroes,
          biasface_ghost_orc_armoury, kennysheep_small_spiral

Skill      XL: |  1  2  3  4  5  6 |
---------------+-------------------+-----
Conjurations   | 2 |  2.8
Spellcasting   | 5 |  5.4
Invocations    | 1 2 |  2.4
Fighting       | 1 2 |  2.2
Short Blades   | 1 2 |  2.2
Long Blades    | 1 2 |  2.2
Axes           | 1 2 |  2.2
Maces & Flails | 1 2 |  2.2
Polearms       | 1 2 |  2.2
Staves         | 1 2 |  2.2
Ranged Weapons | 1 2 |  2.2
Throwing       | 1 2 |  2.2
Armour         | 1 2 |  2.2
Shields        | 1 2 |  2.2
Unarmed Combat | 1 2 |  2.2
Evocations     | 1 2 |  2.2
Hexes          | 1 |  1.7
Summonings     | 1 |  1.7
Necromancy     | 1 |  1.7
Translocations | 1 |  1.7
Transmutations | 1 |  1.7
Ice Magic      | 1 |  1.7
Air Magic      | 1 |  1.7
Earth Magic    | 1 |  1.7
Poison Magic   | 1 |  1.7
Dodging        | 5 |  5.1
Stealth        | |  4.7
Fire Magic     | |  5.7

Action                     |  1- 3 |  4- 6 || total
---------------------------+-------+-------++-------
  Melee: Unarmed           |     9 |       ||     9
         Bite              |     1 |       ||     1
         Halberd           |       |     2 ||     2
   Cast: Foxfire           |    68 |    80 ||   148
         Scorch            |     8 |    25 ||    33
    Use: Potion            |     1 |     5 ||     6
 Armour: Robe              |     2 |     7 ||     9
         Skin              |       |    10 ||    10
  Dodge: Dodged            |    36 |    45 ||    81

Table legend: (Time is in decaauts)
 A = Elapsed time spent in this place.
 B = Non-inter-level travel time spent in this place.
 C = Inter-level travel time spent in this place.
 D = Time resting spent in this place.
 E = Time spent auto-exploring this place.
 F = Levels seen in this place.
 G = Mean time per level.
                   A        B        C        D        E       F      G
               +--------+--------+--------+--------+--------+-----+--------+
         Total |   4152 |   3975 |    177 |    727 |   2685 |   4 | 1038.0 |
       Dungeon |   4152 |   3975 |    177 |    727 |   2685 |   4 | 1038.0 |
               +--------+--------+--------+--------+--------+-----+--------+

Top non-repeatable levels by time:
     D:2: 1565 daAuts
     D:3: 1321 daAuts
     D:1: 1177 daAuts
     D:4: 87 daAuts
